AoeStats
← Moul_3asirLimoune

Arena

509985418Analyzed
4v4 RM · 4d ago on Sep 28, 2026· 53m 47s· 8 players
Game mode
Random Map
Map size
Large (8 player)
Population
200
Speed
Normal
Resources
Standard
Victory
Conquest
Starting age
Dark Age
Ending age
Imperial Age
RankedLock teamsTeams togetherTeam positionsShared explorationLock speedFull tech treeHidden civsTurbo modeCheats
Victory
Defeat
🇦🇷 Khmer · Argentina
1196
+16
🇦🇷 Mongols · Argentina
1181
+17
🇦🇷 Berbers · Argentina
1125
+19
🇧🇷 Magyars · Brazil
1102
+20
🇲🇦 Teutons · Morocco
1329
-24
🇲🇦 Franks · Morocco
1229
-19
🇲🇦 Celts · Morocco
1141
-16
🇲🇦 Danes · Morocco
1077
-13
The Goat
9:07 Feudal Age
10:27 Loom
11:48 Loom
14:13 Castle Age
12:17 Double-Bit Axe
12:20 Horse Collar
14:11 Loom
20:38 Bow Saw
21:59 Fervor
22:16 Fletching
22:55 Heavy Plow
23:21 Town Watch
24:54 Wheelbarrow
26:08 Town Patrol
26:18 Stone Mining
27:53 Fortified Wall
30:52 Imperial Age
29:11 Ballistics
30:14 Bodkin Arrow
30:19 Padded Archer Armor
30:31 Bloodlines
31:14 Thumb Ring
31:14 Husbandry
31:39 Elite Mangudai
32:42 Bracer
34:03 Chemistry
34:06 Conscription
35:24 Hoardings
35:28 Parthian Tactics
35:28 Leather Archer Armor
36:00 Hand Cart
35:57 Masonry
35:58 Fortified Wall
35:43 Murder Holes
35:33 Light Cavalry
38:06 Scale Barding Armor
38:12 Forging
37:44 Hussar
39:09 Chain Barding Armor
39:24 Forging
45:22 Nomads
45:43 Drill
47:17 Gold Mining
48:03 Stone Shaft Mining
49:06 Gold Shaft Mining
53:31 Iron Casting
Sinbad
10:40 Feudal Age
11:36 Loom
11:58 Double-Bit Axe
11:55 Horse Collar
15:20 Wheelbarrow
22:20 Castle Age
30:41 Bow Saw
32:59 Heavy Plow
33:53 Gold Mining
34:26 Hand Cart
37:12 Gold Shaft Mining
40:48 Imperial Age
39:35 Stone Mining
40:22 Ballistics
41:12 Fletching
41:22 Padded Archer Armor
42:02 Parthian Tactics
42:40 Chemistry
41:05 Heavy Cavalry Archer
42:52 Two-Man Saw
42:24 Thumb Ring
42:30 Bodkin Arrow
42:51 Leather Archer Armor
42:57 Recurve Bow
43:18 Conscription
43:30 Bracer
45:33 Corvinian Army
46:09 Ring Archer Armor
47:20 Husbandry
47:31 Bloodlines
48:33 Capped Ram
49:24 Scale Barding Armor
51:19 Caravan
Braian
10:24 Feudal Age
13:29 Castle Age
12:24 Double-Bit Axe
13:03 Horse Collar
13:21 Loom
24:47 Bloodlines
29:38 Gold Mining
29:40 Stone Mining
32:48 Imperial Age
31:23 Caravan
33:16 Bow Saw
34:14 Wheelbarrow
33:25 Town Watch
34:57 Husbandry
35:07 Scale Barding Armor
35:13 Forging
36:49 Chain Barding Armor
36:17 Elite Battle Elephant
38:13 Iron Casting
41:20 Plate Barding Armor
42:13 Conscription
41:54 Tusk Swords
47:14 Blast Furnace
49:44 Hand Cart
49:39 Heavy Plow
50:16 Gold Shaft Mining
50:16 Stone Shaft Mining
水泊梁山
10:09 Feudal Age
13:11 Bloodlines
12:51 Double-Bit Axe
14:23 Loom
18:51 Castle Age
19:53 Husbandry
20:02 Thumb Ring
20:24 Scale Barding Armor
24:51 Wheelbarrow
26:55 Bow Saw
26:34 Town Watch
29:08 Hand Cart
29:51 Forging
30:01 Chain Barding Armor
30:46 Horse Collar
34:55 Imperial Age
33:08 Light Cavalry
35:26 Ballistics
36:02 Iron Casting
35:28 Padded Archer Armor
37:05 Cavalier
39:28 Hussar
43:05 Plate Barding Armor
42:22 Fletching
44:26 Blast Furnace
43:25 Gold Mining
43:26 Stone Mining
43:53 Heavy Camel Rider
46:49 Heavy Plow
49:00 Scale Mail Armor
48:56 Bodkin Arrow
49:17 Leather Archer Armor
51:54 Conscription
51:36 Maghrebi Camels
51:37 Kasbah
50:57 Elite Camel Archer
51:46 Heavy Cavalry Archer
51:46 Elite Genitour
camel-number11
9:14 Loom
11:00 Feudal Age
13:18 Horse Collar
13:26 Double-Bit Axe
18:19 Castle Age
17:41 Gold Mining
17:43 Stone Mining
20:48 Bow Saw
22:03 Heavy Plow
23:14 Wheelbarrow
22:25 Town Watch
24:20 Hand Cart
32:41 Imperial Age
32:16 Ballistics
31:51 Murder Holes
31:56 Hamask
32:13 Pikeman
32:42 Gambesons
32:59 Squires
32:45 Arson
33:21 Forging
33:11 Scale Mail Armor
32:42 Elite Varangian Guard
33:49 Conscription
32:51 Elite Jomsviking
33:17 Halberdier
35:45 Iron Casting
38:08 Blast Furnace
37:24 Chain Mail Armor
36:59 Fletching
37:13 Elite Skirmisher
38:31 Thumb Ring
38:31 Padded Archer Armor
41:04 Plate Mail Armor
40:29 Bodkin Arrow
45:35 Chemistry
45:51 Bracer
46:06 Leather Archer Armor
Moul_3asirLimoune
9:56 Feudal Age
15:09 Castle Age
13:23 Double-Bit Axe
16:05 Wheelbarrow
17:40 Scale Barding Armor
18:44 Forging
19:41 Bow Saw
27:19 Hand Cart
27:41 Gold Mining
31:51 Imperial Age
29:07 Loom
30:54 Gold Shaft Mining
32:53 Iron Casting
32:41 Chain Barding Armor
31:58 Cavalier
33:45 Stone Mining
35:24 Blast Furnace
35:11 Husbandry
35:48 Plate Barding Armor
37:09 Paladin
39:01 Coinage
42:13 Conscription
42:53 Fletching
44:01 Caravan
47:02 Banking
DaYF1786
9:10 Feudal Age
8:09 Loom
11:35 Fletching
23:25 Castle Age
21:40 Double-Bit Axe
23:10 Forging
23:33 Pikeman
26:02 Squires
27:39 Scale Mail Armor
29:57 Horse Collar
32:25 Chain Mail Armor
36:38 Bodkin Arrow
36:56 Padded Archer Armor
39:26 Wheelbarrow
38:37 Town Watch
39:31 Leather Archer Armor
43:00 Imperial Age
42:25 Iron Casting
43:32 Bow Saw
44:20 Ring Archer Armor
44:51 Blast Furnace
44:23 Conscription
43:37 Halberdier
44:49 Plate Mail Armor
51:21 Elite Skirmisher
CHUCKY[WASK]
10:44 Feudal Age
13:51 Loom
16:32 Castle Age
15:46 Double-Bit Axe
15:43 Horse Collar
15:59 Gold Mining
17:48 Wheelbarrow
17:58 Bow Saw
17:59 Heavy Plow
19:34 Gold Shaft Mining
28:11 Scale Mail Armor
30:35 Chain Mail Armor
33:37 Imperial Age
32:43 Hand Cart
32:42 Caravan
33:22 Forging
33:13 Padded Archer Armor
33:38 Town Watch
35:48 Chemistry
34:13 Heavy Scorpion
35:49 Iron Casting
38:04 Leather Archer Armor
41:34 Plate Mail Armor
41:35 Ring Archer Armor
42:02 Fletching
44:12 Elite Skirmisher
49:59 Conscription
49:52 Pikeman
51:24 Ballistics
52:59 Bodkin Arrow
Connection lost

Rejoining the realm…

Still unreachable

The connection could not be restored.

Session expired

The server has moved on; the page needs a fresh start.